[Event "ROM-GER Kings"]
[Site "Medias"]
[Date "2015.10.31"]
[Round "2.4"]
[White "Fridman, Daniel"]
[Black "Deac, Bogdan Daniel"]
[Result "0-1"]
[ECO "E04"]
[WhiteElo "2649"]
[BlackElo "2455"]
[Annotator "Bulmaga,I"]
[PlyCount "170"]
[EventDate "2015.10.30"]
[EventType "schev"]
[EventRounds "5"]
[EventCountry "ROU"]
[SourceTitle "CBM 169"]
[Source "ChessBase"]
[SourceDate "2015.11.10"]
[SourceVersion "1"]
[SourceVersionDate "2015.11.10"]
[SourceQuality "1"]
[WhiteTeam "Germany"]
[BlackTeam "Romania"]
[WhiteTeamCountry "GER"]
[BlackTeamCountry "ROU"]
[TimeControl "40/5400+30:1800+30"]

1. d4 Nf6 2. c4 e6 3. g3 d5 4. Bg2 dxc4 5. Nf3 Bb4+ 6. Bd2 a5 7. O-O O-O 8. Bg5
{[#]} h6 {Ein interessanter Zug. Hauptvariante ist 8...Nc6. Ich vermute, IM
Deac wollte sich die Möglichkeit offenhalten, seinen Springer nach c6 oder
nach e7 zu entwickeln.} (8... Nc6 9. e3 h6 10. Bxf6 Qxf6 11. a3 Bd6 12. Nbd2
$14) 9. Bxf6 Qxf6 10. Qc2 Nc6 11. Qxc4 e5 12. d5 Nb8 13. Nc3 Na6 14. a3 Bd6 15.
Nd2 Bd7 16. Nce4 Qe7 17. Qc3 a4 {[#]} 18. f4 $2 {Weiß hat aus der Eröffnung
nichts herausgeholt, aber stand auch nicht schlechter. Mit 18.f4 schwächt er
jedoch einfach nur seine Stellung.} (18. Nc4 b5 19. Na5 Nc5 20. Nxc5 Bxc5 21.
d6 cxd6 22. Bxa8 Rxa8 23. Nb7 Bb6 (23... Bd4 24. Qc7 Bxb2 25. Ra2 Bd4 26. e3
Ba7) 24. Rfd1) 18... exf4 19. gxf4 f5 $5 (19... Nc5 20. Nxd6 cxd6 21. e4 Rac8
22. Qd4 $11) 20. Nxd6 cxd6 21. e4 (21. e3 {hielt IM Deac nach der Partie für
eine bessere Verteidigungsmöglichkeit für Weiß.} Rac8 22. Qd3 Nc5 {Aber
auch dann steht Schwarz besser.}) 21... Rac8 22. Qd4 fxe4 23. Nxe4 Nc5 24. Rae1
Nxe4 25. Rxe4 Qf6 26. Qxf6 Rxf6 $15 {Das Endspiel ist sehr angenehm für den
jungen rumänischen IM Deac und Weiß muss aufpassen, dass er nicht ernsthafte
Probleme bekommt.[#]} 27. Rb4 b5 28. Be4 Rc5 29. f5 $6 {Weiß will ...Lf5
verhindern, aber die weiße Stellung hat zu viele Schwächen und kann nicht
mehr verteidigt werden.} (29. Re1 Kf8 30. Bf3 {war vielleicht ein besserer
Versuch, um das Remis zu kämpfen.}) 29... Rf8 30. Rd4 Kf7 31. Kf2 Re8 32. h4
Re5 33. Kg3 Kf6 34. h5 Bxf5 35. Rb4 g6 36. hxg6 Kxg6 37. Bf3 Bd3 38. Rg4+ Rg5
39. Re1 Bf5 40. Rxg5+ hxg5 41. Re3 Kf6 42. b3 axb3 43. Rxb3 Ke5 44. Kf2 Kd4 45.
Rb4+ Kc3 46. Ke3 Bd7 47. Be4 Rc8 48. Rb1 Ra8 49. Rc1+ Kb2 50. Rc7 Be8 51. Re7
Kxa3 52. Rg7 b4 53. Rxg5 b3 54. Rg7 Ba4 55. Kd2 b2 56. Rb7 Re8 57. Bd3 Re5 58.
Bc4 Re4 59. Kc3 Re1 60. Bd3 Rc1+ 61. Kd2 Rc5 62. Be4 Rb5 63. Ra7 Rxd5+ 64. Kc3
Rc5+ 65. Kd4 Rc1 66. Ra6 Kb4 67. Bd3 Rc6 68. Ra8 Rb6 69. Bb1 Bb3 70. Rh8 d5 71.
Rg8 Bc4 72. Bc2 Ba2 73. Ra8 Bc4 74. Rg8 Ra6 75. Rb8+ Ka3 76. Rg8 Ka2 77. Rg1
Rh6 78. Kc3 Rf6 79. Rh1 Rf1 80. Rh8 Rf3+ 81. Kd4 b1=Q 82. Bxb1+ Kxb1 83. Rh2
Kc1 84. Rg2 Rd3+ 85. Kc5 Rd2 0-1

[Event "ROM-GER Kings"]
[Site "Medias"]
[Date "2015.10.30"]
[Round "1.4"]
[White "Donchenko, Alexander"]
[Black "Nevednichy, Vladislav"]
[Result "1-0"]
[ECO "E04"]
[WhiteElo "2577"]
[BlackElo "2557"]
[Annotator "Bulmaga/Rogozenco,D"]
[PlyCount "141"]
[EventDate "2015.10.30"]
[EventType "schev"]
[EventRounds "5"]
[EventCountry "ROU"]
[SourceTitle "CBM 169"]
[Source "ChessBase"]
[SourceDate "2015.11.10"]
[SourceVersion "1"]
[SourceVersionDate "2015.11.10"]
[SourceQuality "1"]
[WhiteTeam "Germany"]
[BlackTeam "Romania"]
[WhiteTeamCountry "GER"]
[BlackTeamCountry "ROU"]
[TimeControl "40/5400+30:1800+30"]

1. d4 Nf6 2. c4 e6 3. g3 {"Eine raffinierte Zugfolge, die Weiß mehr
Möglichkeiten gibt", meinte Rustam Kasimdzhanov, der Mannschaftstrainer der
Deutschen.} (3. Nf3 d5 4. g3 Bb4+ 5. Nbd2 dxc4) 3... d5 4. Bg2 Bb4+ 5. Nd2 O-O
(5... dxc4 $4 6. Qa4+ Nc6 7. Bxc6+ $18) 6. Ngf3 Nc6 {Ein seltener Zug, auf den
Schwarz vermutlich während der Partie verfallen ist. Die Hauptzüge sind hier
6...dxc4 und 6...b6.} 7. Qc2 dxc4 8. Qxc4 Qd5 9. O-O Rd8 10. e3 {Bis zu diesem
Zeitpunkt hatte Weiß fast keine Zeit verbraucht, wohingegen Schwarz einige
Mühe hatte, um in die Partie zu kommen. Doch der Kampf fängt gerade erst an
- allerdings steht Weiß vermutlich etwas besser.} a5 11. a3 Bxd2 12. Nxd2 Qxc4
13. Nxc4 a4 {Weiß hat ein angenehmes Endspiel.} 14. Bd2 Bd7 15. Rfc1 Be8 16.
Rc2 Nd5 17. Be1 f6 18. Rac1 Bg6 19. Rd2 Nde7 20. h3 Ra6 (20... b5 21. Ne5 fxe5
22. Bxc6 Nxc6 23. Rxc6 exd4 24. exd4 $14) 21. Rdd1 h5 22. f4 Bf7 23. Bf3 Rd7
24. Nd2 f5 25. Be2 Ra8 26. Kf2 (26. Bb5 Ra5 27. Rc5 {"war vielleicht besser",
meinte Alexander Donchenko nach der Partie.}) 26... Be8 27. Nf3 Nd5 28. Ng5 Nd8
29. Bc4 c6 30. Bd3 Re7 31. Rc5 Nf7 32. Nf3 Nd6 33. Ra5 Rxa5 34. Bxa5 b6 {[#]}
35. Be1 $6 {Beide Seiten befanden sich hier bereits in Zeitnot und da ist
dieser Zug verständlich.} ({Aber viel besser war} 35. Bb4 $1 $16 Nxb4 36. axb4
{was den schwarzen Befreiungszug ...c5 verhindert und Weiß dauerhaften
Vorteil gibt.}) 35... c5 36. Rc1 Rb7 37. Rc2 Bb5 38. Bxb5 Nxb5 39. dxc5 bxc5
40. Rxc5 $2 (40. Ng5 $1 $16) 40... Nd6 41. Rc2 Rb3 42. Ng5 Rxe3 43. Rc6 (43.
Kf1 $5 {Mit der Drohung Rc6, um die schwache Grundreihe auszunutzen.} Kf8 $8
$11) 43... Ne4+ 44. Nxe4 Rxe4 45. h4 {[#]} e5 $2 {Schwarz kann es sich nicht
leisten, einen Bauern zu opfern - aber vielleicht hat er die Idee 47. Rc5!
übersehen?} (45... Ne3 $11) 46. fxe5 Ne3 (46... Rxe5 $2 47. Rc5 $1 Ne3 48.
Rxe5 Ng4+ 49. Ke2 $16) 47. Bc3 Ng4+ (47... Nd1+ {Bot mehr Chancen, die
Stellung zu halten.}) 48. Kf3 Nh2+ 49. Kg2 Re2+ 50. Kg1 Ng4 51. e6 Kh7 52. Ra6
Re4 53. Bb4 Re3 54. Kg2 Nf6 55. e7 Nd5 56. Rxa4 Nxe7 57. Bxe7 Rxe7 58. Rb4 g5
59. hxg5 Kg6 60. a4 Kxg5 61. a5 Re5 62. Ra4 Re2+ 63. Kf3 Rxb2 64. a6 Rb3+ 65.
Ke2 Rb8 66. a7 Ra8 67. Kf3 Kf6 68. Kf4 Ke6 69. Ra5 Kd6 70. Kxf5 Kc6 71. Kg5 1-0

[Event "Khanty-Mansiysk FIDE GP (Women)"]
[Site "Khanty-Mansiysk"]
[Date "2014.04.14"]
[Round "5"]
[White "Hou, Yifan"]
[Black "Muminova, Nafisa"]
[Result "1-0"]
[ECO "E04"]
[WhiteElo "2618"]
[BlackElo "2321"]
[Annotator "ChessBase Website"]
[PlyCount "61"]
[EventDate "2014.04.09"]
[EventType "tourn"]
[EventRounds "11"]
[EventCountry "RUS"]
[EventCategory "10"]
[SourceTitle "CBM 160"]
[Source "ChessBase"]
[SourceDate "2014.05.15"]
[SourceVersion "1"]
[SourceVersionDate "2014.05.15"]
[SourceQuality "1"]
[TimeControl "40/5400+30:1800+30"]
[WhiteClock "1:30:00"]
[BlackClock "1:30:00"]

1. c4 e6 2. g3 d5 3. Nf3 Nf6 4. Bg2 a6 5. d4 dxc4 6. O-O Nc6 7. Nbd2 (7. e3 Rb8 8. Qe2 b5 9.
b3 cxb3 10. axb3 Be7 11. Bb2 O-O 12. Rc1 Nb4 13. Ne5 Bb7 14. Bxb7 Rxb7 15. Nc6
Nxc6 16. Rxc6 Qd5 17. Qc2 Ne4 18. h4 g5 19. f3 Nxg3 20. e4 Qd7 21. Raxa6 gxh4
22. Qd2 Bf6 23. d5 Bxb2 24. Qxb2 exd5 25. Qf6 Qd8 26. Qh6 dxe4 27. Rg6+ fxg6
28. Rxg6+ hxg6 29. Qxg6+ Kh8 {1/2-1/2 (29) Cheparinov,I (2678)-Ponomariov,R 
(2743) Khanty-Mansiysk 2013}) 7... Nxd4 8. Nxc4 Bc5 9. Nfe5 $146 (9. Bf4 Nxf3+ 10. Bxf3
Nd5 11. Be5 f6 12. e4 fxe5 13. exd5 O-O 14. Nxe5 Qf6 15. Nd3 Qxf3 16. Qxf3 Rxf3
17. Nxc5 exd5 18. Rfe1 b6 19. Ne6 Bxe6 20. Rxe6 Rf6 21. Re7 Rf7 22. Re6 Rd8 23.
Rc1 Kf8 24. Kf1 Rdd7 25. Ke2 Rfe7 26. Rxe7 Kxe7 27. Rc6 Kd8 28. f4 Re7+ 29. Kd2
Kd7 30. Rc1 Kd6 31. Rf1 Re4 32. Kd3 c5 33. a3 b5 34. Kd2 c4 35. Rf3 d4 36. Kd1
Kd5 37. Kd2 a5 38. Rf1 d3 {Wyss,J (2270)-Ismagambetov,A (2492) Zuerich 2010 0-1
}) 9... O-O 10. Be3 Ba7 11.
Rc1 $44 {[%emt 0:02:00] The World Champion used an interesting pawn sacrifice
in the Catalan for serious compensation. Muminova was never able to really
push White's pieces back, despite the fact that her position lacked any real
weaknesses. Eventually it was these problems she had with her pieces that cost
her the game as her rook, bishop and queen were completely tied down and
useless. A very clean game by Hou Yifan.} c5 12. Bd2 Nd5 13. e3 Nb5 14.
Qe2 Nd6 15. Rfd1 Nxc4 16. Nxc4 b5 17. Ba5 Qe7 18. e4 Nb4 19.
Bxb4 cxb4 20. Ne5 Qg5 21. Nc6 e5 22. h4 Qf6 23. b3 a5 24.
Rc2 Bb7 25. Nxa7 Rxa7 26. Rc7 Qb6 27. Rdd7 a4 28. Kh2 h6 29. Qe3 Qa6 30. Qc5 axb3 31. Qxf8+ 1-0

[Event "Tata Steel-A 80th"]
[Site "Wijk aan Zee"]
[Date "2018.01.14"]
[Round "2"]
[White "Karjakin, Sergey"]
[Black "Anand, Viswanathan"]
[Result "1/2-1/2"]
[ECO "E04"]
[WhiteElo "2753"]
[BlackElo "2767"]
[Annotator "Fernandez,D"]
[PlyCount "64"]
[EventDate "2018.01.13"]
[EventType "tourn"]
[EventRounds "13"]
[EventCountry "NED"]
[EventCategory "20"]
[SourceTitle "CBM 183"]
[Source "ChessBase"]
[SourceDate "2018.03.14"]
[SourceVersion "1"]
[SourceVersionDate "2018.03.14"]
[SourceQuality "1"]
[TimeControl "40/6000+30:20/3000+30:900+30"]

1. Nf3 d5 2. g3 Nf6 3. Bg2 c5 4. O-O Nc6 5. d4 e6 6. c4 dxc4 7. dxc5 {[%emt 0:00:08] Third most
popular after 7.Ne5 and 7.Qa4, but this is a good try for an advantage.} (7.
Qa4) (7. Ne5) ({An even less popular move was featured in the immediate
predecessor, though I actually find it quite interesting:} 7. Na3 $5 cxd4 8.
Nxc4 Bc5 9. b3 (9. a3 $5 {might improve and after} a5 {either Bf4 or the
straightforward gambit} 10. e3 $44) 9... Qe7 10. Nfe5 Nxe5 11. Nxe5 Nd7 $11 {
Carlsen,M-Anand,V London 2017, Black later managed to consolidate his pawn and
press for a while.}) 7... Qxd1 8. Rxd1 Bxc5 9. Nfd2 $5 (9. Nbd2 c3 10. bxc3 O-O {is
reasonably topical; I actually think White may have something after the} 11.
Ne1 $5 {Le, Q-Harikrishna,P Huaian 2017}) 9... Na5 $1 $11 {[%emt 0:10:27] A
good move which essentially equalises since White can't easily attack the pawn
again.} 10. Na3 (10. Nc3 Bd7 11. Nce4 Nxe4 12. Nxe4 Bb4 $1 {
with ...Bc6 to come is easy enough for Black}) 10... Bxa3 11.
bxa3 O-O $146 (11... Nd5 12. Ne4 O-O 13. Bd2
b6 14. Rac1 Ba6 15. Bxa5 bxa5 16. Nc5 Bb5 17. Bxd5 exd5 18. Rxd5 Rfd8 19. Rxd8+
Rxd8 20. Ne4 f5 21. Nc3 Bc6 22. f3 Kf7 23. Kf2 g5 24. Ke3 Rd6 25. Rd1 Re6+ 26.
Kf2 Rh6 27. h4 gxh4 28. gxh4 Rxh4 29. Rd6 Be8 30. Kg2 a4 31. Ra6 Rd4 32. Rxa7+
Ke6 33. Rxh7 Rd2 34. Rc7 Rc2 35. Rxc4 Bb5 36. Rc5 Bxe2 37. Kg3 Bd3 38. Kf4 Kd6
39. Rd5+ {1-0 (39) Carlsen,M (2837)-Harikrishna,P (2744) Riadh 2017}) (11... c3
$5 12. Nb3 Nc4 $132 {is maybe a bit too ambitious from Black, but White needs
to prove this in a precise way.}) 12. Ne4 Nxe4 13. Bxe4 e5 14. Bb2 Re8 15. Bc3 Nc6 {[%emt 0:00:15] White might
appear to have something here but one of the most basic facts about this
position is that the c8-bishop will develop soon, so therefore Black has few
difficulties once a few more moves are played.} 16. Rab1 h6 {
[%emt 0:14:37] The computer disagrees, but this move is completely the right
one from a schematic point of view. Black would like to play ...Re7 but right
now there is an issue with the back rank, therefore he solves it and then
plays ...Re7.} (16... Nd4 17. Bxd4 exd4 18. Rxd4 Be6 19. Rxb7 Rec8 $11 {
is one other way to play}) 17. f3 Re7 18. Kf2 f6 {[%emt 0:11:33] Now White must take action reasonably
quickly, or else after ...Be6 and ...Rd8 he risks having his compensation fade.
} 19. Bd5+ Kh7 20. Be4+ Kg8 21. Bb4 Rc7 22. Bd6 Rd7 23. Bd5+ Kh8 24. Bxc4 Nd4 25. Bc5 $6 {[%emt 0:00:08]
This move is maybe a bit too compliant.} (25. Bb4 {keeps trying for an
advantage, though I think Black still proves his concept after the precise} Rc7
26. Bd5 Bd7 $1 {It is important to not fear ghosts.} 27. e3 Bc6 $1 $11) 25...
Rc7 26. Bxd4 Rxc4 27. Be3 b6 28. Rd8+ Kh7 29. Rc1 Rxc1 30. Bxc1 Bb7 31. Rxa8 {[%emt 0:00:06] Here I might be vaguely tempted
to play a few moves of the bishop endgame as Black, because the doubled pawns
mean only I can be better, but the players had sufficient respect for each
other to agree a draw here.} Bxa8 32. e4 Kg6 $15 1/2-1/2

[Event "Tata Steel-A 80th"]
[Site "Wijk aan Zee"]
[Date "2018.01.14"]
[Round "2"]
[White "Matlakov, Maxim"]
[Black "So, Wesley"]
[Result "1/2-1/2"]
[ECO "E04"]
[WhiteElo "2718"]
[BlackElo "2792"]
[Annotator "Fernandez,D"]
[PlyCount "60"]
[EventDate "2018.01.13"]
[EventType "tourn"]
[EventRounds "13"]
[EventCountry "NED"]
[EventCategory "20"]
[SourceTitle "CBM 183"]
[Source "ChessBase"]
[SourceDate "2018.03.14"]
[SourceVersion "1"]
[SourceVersionDate "2018.03.14"]
[SourceQuality "1"]
[TimeControl "40/6000+30:20/3000+30:900+30"]

1. d4 Nf6 2. c4 e6 3. g3 d5 4. Bg2 dxc4 5. Nf3 Nc6 6. Qa4 (6. O-O {is another main move, but I believe ...Rb8 equalises.}) 6...
Bb4+ 7. Bd2 Nd5 8. Bxb4 (8. Qb5 Bxd2+ 9. Nbxd2 c3 10. bxc3 Nxc3 11. Qb2 Na4 12. Qc2 Nb6
13. e3 O-O 14. O-O Qe7 15. Rac1 Rd8 16. Nb3 Rb8 17. Nc5 Nd5 18. a3 h6 19. Rfe1
b6 20. Nxe6 Bxe6 21. Qxc6 Qxa3 22. Ra1 Qd6 23. Qxd6 cxd6 24. Rxa7 Nc3 25. e4 b5
26. d5 Bg4 27. Nd4 b4 28. h3 Bd1 29. e5 b3 30. e6 fxe6 31. Rxe6 Bc2 32. Nxb3
Rxb3 33. Ree7 g5 34. Rac7 Bf5 35. Rg7+ Kh8 36. Rgf7 Ne2+ 37. Kh2 Nd4 {
Harikrishna,P (2755)-Bu,X (2723) Danzhou 2016 0-1}) 8... Ndxb4 9. Nc3 Bd7 10. O-O a5 11. Qd1 O-O 12. e3 (12. Nd2 $5 {scores extremely well, though it seems Black should
somehow have equality.} Nxd4 13. Bxb7 Rb8 14. Bg2 Bc8 15. Nxc4 Ba6 $1 (15... c5
16. e3 Ba6 17. b3 $14 {Leko,P-Grischuk,A Khanty-Mansiysk 2010, was a better
version for White.}) 16. b3 Bxc4 17. bxc4 Ndc2 $11 {White will be hard pressed
to make anything of the advantage of the bishop.}) 12... a4 13. Nxa4 {[%emt 0:10:13] Probably the best try for an edge.} (13. Qe2 $5 {
and now} Na5 14. Ne5 Nd5 15. Nxd5 exd5 16. Bxd5 Bh3 17. Qf3 $5 {Aronian,
L-Kramnik,V Shanghai 2010, was an interesting piece of preparation from White,
but the exchange did eventually tell.}) 13... Nxd4 14. Qxd4 Bxa4 15. Qxc4 Qe7 {[%emt 0:
00:05] Computers rather like White's position around here, but tend to calm
down quickly.} 16. a3 Nd5 17. Rfc1 (17. e4 Nb6 18. Qc3 {might be an interesting way to play - White's
plans like b3, a4, Rfc1, Qc5 are much more immediately obvious than Black's
corresponding ones.}) 17... Rfc8 18. b3 Bc6
$146 (18... Be8 {is preferred by engines, but I actually
prefer the text. The follow-up after ...Be8 could be} 19. a4 c5 (19... c6 20.
Nd2 {when Black's grip on equality is a bit tenuous.}) 20. Ne1 Nb4 21. Nd3 Nxd3
22. Qxd3 Ra5 23. Qc3 b6 24. Rd1 Ra7 25. h4 {½-½ (25) Van der Hoeven,D (2639)
-Munoz Moreno,F (2525) ICCF email 2010}) 19. Nd4 Rxa3 {
[%emt 0:00:54] As a human you just know what is going to happen now...} 20.
Nxc6 bxc6 21. Qxc6 Rxa1 22. Rxa1 Nf6 23. Rc1 h5 24. Bf3 Rb8 25. Qxc7 Qxc7 26. Rxc7 Rxb3 {[%emt 0:00:05] ...and here it is.} 27. Rc8+ Kh7 28. Rc7 Kg8 29. Rc8+ Kh7 30. Rc7 Kg8 1/2-1/2

[Event "EU-ch 12th"]
[Site "Aix les Bains"]
[Date "2011.03.27"]
[Round "6"]
[White "Mastrovasilis, Athanasios"]
[Black "Olivier, Jean Christophe"]
[Result "1/2-1/2"]
[ECO "E04"]
[WhiteElo "2547"]
[BlackElo "2401"]
[Annotator "Marchand,A/Primel,D"]
[PlyCount "106"]
[EventDate "2011.03.22"]
[EventType "swiss"]
[EventRounds "11"]
[EventCountry "FRA"]
[SourceTitle "CBM 142 Extra"]
[Source "ChessBase"]
[SourceDate "2011.06.27"]
[SourceVersion "1"]
[SourceVersionDate "2011.06.27"]
[SourceQuality "1"]
[TimeControl "40/5400+30:1800+30"]

1. d4 Nf6 2. c4 e6 3. g3 c5 4. Nf3 d5 5. Bg2 (5. cxd5 {Retombe sur une défense
Tarrasch} exd5 6. Bg2 Nc6) 5... dxc4 6. O-O (6. Qa4+ Bd7 7. Qxc4 Bc6 $132) (6.
Na3 $5 Nc6 7. Nxc4 cxd4 8. O-O Bc5 9. Bf4 $44 {Damljanovic,B (2530)-Renet,O 
(2480) Zenica 1989 (4) 1-0}) 6... Nc6 7. dxc5 $5 {Transposant dans une finale
technique où les Blancs espèrent profiter de la meilleure position du Bg2 par
rapport au Bc8 dont le développement pose problème} (7. Qa4 {La grande ligne}
Bd7 (7... cxd4 8. Nxd4 Qxd4 9. Bxc6+ Bd7 10. Rd1) 8. Qxc4 (8. dxc5 Na5) 8... b5
9. Qd3 Rc8 10. dxc5 Bxc5 11. Nc3 Nb4 (11... b4 12. Nb5 (12. Ne4 Nxe4 13. Qxe4
Ne7 14. Ne5 (14. Bg5 O-O 15. Rac1) (14. Rd1 Qb6)) 12... O-O 13. Nd6 Nd4 14. Bf4
Nd5 15. Ng5 (15. Be5 Nxf3+ $132)) 12. Qd2 (12. Qd1) 12... Qb6 13. Ne5 Rd8 14.
a3 Nc6 15. Nd3 O-O {Vladimirov,E (2565)-De la Villa Garcia,J (2450) Marchena
1990 1-0} (15... Bf8)) (7. Ne5 Nxe5 (7... Bd7 8. Na3 cxd4 9. Naxc4 Bc5 (9...
Rc8 10. Qb3 (10. Bf4) 10... Nxe5 11. Nxe5 Bc6 12. Nxc6 bxc6 13. Rd1 c5 14. e3
$14 {Kasparov,G (2715)-Andersson,U (2575) Belgrade m 1985 (1) 1/2}) (9... Nxe5
10. Nxe5 Qb6 11. Bf4 Bb5 12. b4 Rd8 (12... Bxb4 13. Rb1 $44) 13. a4 $14 {
Tukmakov,V (2574)-Sokolov,A (2565) Lenk op 12th fin 2000 (7) 1/2}) (9... Be7
10. Qb3 (10. Bf4 Nd5 11. Nxd7 Nxf4 12. Bxc6 bxc6 13. Nde5 Nh3+ 14. Kg2 Ng5 15.
f3 $44) 10... Qc7 11. Nxc6 Bxc6 12. Bf4 Qd8 13. Bxc6+ bxc6 14. Ne5 c5 15. Qa4+
Kf8 16. Rac1 Qd5 17. f3 h6 {Kasimdzhanov,R (2699)-Drozdovskij,Y (2625) TUR-chT
Konya 2010 (12) 0-1} (17... Qb7 )) (9... Nd5 10. Nxc6 Bxc6 11. Qxd4
Nb4 12. Bxc6+ Nxc6 13. Qc3 $14) 10. Qb3 (10. Bf4 O-O 11. Qb3 Rc8 12. Nd3 Bb6)
10... O-O 11. Qxb7 Nxe5 12. Nxe5 Rb8 13. Qf3 Bd6 14. Nc6 Bxc6 15. Qxc6 Qe7 16.
Rb1 $14 {Eljanov,P (2692)-Adams,M (2726) Corus Wijk aan Zee 2008 (8) 1/2}) 8.
dxe5 Qxd1 (8... Nd5 9. Na3 c3 10. bxc3 Nxc3 11. Qc2 Nd5 12. Rd1 Bd7 13. Nc4 $14
{Petrov,J (2426)-Inkiov,V (2416) Kastav Hotel Opatija 12 2000 (6) 1-0}) 9. Rxd1
Nd5 (9... Nd7 10. f4 Rb8 11. a4 Be7 12. Na3 $14)) 7... Qxd1 {81} 8. Rxd1 Bxc5
9. Nbd2 Ke7 {58} (9... c3 $142 $1 {La ligne critique pour cette variante 7.dc5}
10. bxc3 O-O 11. Nb3 (11. Ne1)) 10. Nxc4 $14 Ng4 (10... Ne4 11. Be3 Bxe3 12. Nxe3 Rd8 13. Rxd8 Kxd8 14.
Rd1+ Ke7 15. Nc4 Nf6 16. Nfe5 Nxe5 17. Nxe5 Rb8 18. f4 Nd7 19. Nc4 b6 20. Nd6
Nf8 21. e4 f6 22. Kf2 Bd7 23. Ke3 Rd8 24. e5 fxe5 25. fxe5 {Magerramov,E (2551)
-Bakre,T (2450)/Abu Dhabi 2002/CBM 089 ext/1-0 (51)}) 11. Rf1 {Une nouveauté
assez douteuse car après les Noirs peuvent jouer le coup libérateur e6e5
facilement.} (11. e3 $142 f6 (11... Bd7 12. h3 (12. Nfd2 $5 Rhd8
13. Ne4 Bb4 14. a3 $16)) 12. Nd4 (12. h3 Nh6 13. Bd2 Nf5 14. Bc3 e5 15. Nfd2 Be6 16. Ne4 $14) 12... Nce5 13. Nb3 Bb6 14. Nca5 Rb8 15. h3 Nh6
16. Bd2 Nhf7 17. Bb4+ Ke8 18. Rac1 Bd8 19. Rc2 Nd7 20. Nd4 Nb6 21. Nb5 Be7 22.
Bxe7 Kxe7 23. Bxb7 Bd7 24. Nxa7 Rxb7 25. Nxb7 Ra8 {Buhmann,R (2572)-Piasetski,
L (2303)/Caleta 2011/CBM 141/1-0}) 11... e5 $1 12. h3 Be6 $11 13. hxg4 (13.
Nfd2 $5 Nh6 14. b3 Rac8 15. Bb2) 13... Bxc4 14. Bg5+ f6 15. Rfc1 $1 {[%csl Rc4,
Rc5] Profitant de la petite avance de développement} Bxe2 (15... b5 16. b3 fxg5
17. bxc4 Ba3 18. cxb5 $1 Bxc1 19. Rxc1 Na5 20. Rc5 (20. Nxe5 Rac8) 20... h6 21.
Rxe5+) 16. Rxc5 e4 {38} (16... Ba6 $6 17. Be3) 17. Re1 (17. Nd2 $1 fxg5 18. Re1
Bd3 19. Nxe4 $40 ) 17... exf3 18. Bxf3 Nd4 19.
Bxe2 fxg5 20. Bf3+ (20. Bc4+ Kd6 (20... Kf6 21. Re4 Rad8 22. f4
$40 ) 21. Rd5+) 20... Kf6 21. Bxb7 Rab8 22. Rc7 $16 Ne6 {18} 23. Rc6 (23. Rd7) 23... Rhe8 24. Bc8 Rbxc8 $1 {Transposant dans une
finale de R égale} 25. Rexe6+ Rxe6 26. Rxc8 Re2 27. Rc6+ Kf7 28. Rc7+ Kf6 29.
Rb7 a5 30. Kg2 a4 31. Kf3 Rc2 32. a3 (32. Rb6+) 32... g6 33. Rb6+ Kg7 34. Rb4
h5 $1 35. Ke3 h4 36. gxh4 gxh4 37. Kf3 g5 38. Rxa4 Rxb2 39. Rb4 Ra2 40. a4 Ra3+
41. Ke4 h3 42. Kf5 h2 43. Rb7+ Kh6 44. f4 Rf3 45. Rb6+ Kg7 46. Rb7+ Kh6 47.
Rb6+ Kg7 48. Rb1 Rxf4+ 49. Kxg5 Rxa4 50. Rh1 Ra2 51. Kh4 Kg6 52. Kg3 Kg5 53.
Rxh2 Ra3+ 1/2-1/2